BlackHawks vs Hurricanes

Created - January 17, 2016 at 10:21

Goals
1 2 3 T
BlackHawks 1 0 0 1
Hurricanes 1 0 3 4
Shots
1 2 3 T
BlackHawks 12 3 9 24
Hurricanes 11 5 14 30

1st period

1. Hurricanes , Leo Komarov 7 (Alex Chiasson, James Wisniewski) at 7:53
2. BlackHawks , Alex Galchenyuk 15 (Ryan OReilly, Justin Abdelkader) at 9:06

Penalties :
Dion Phaneuf (CHI) for Hooking (Minor) at 0:05, James Wisniewski (CAR) for Hooking (Minor) at 16:00

2nd period

No Goal

Penalties :
Kevin Bieksa (CHI) for Slashing (Minor) at 5:07, Dion Phaneuf (CHI) for Roughing (Minor) at 11:21, Adam McQuaid (CHI) for Hooking (Minor) at 11:43

3rd period

3. Hurricanes , Nick Foligno 22 (Michael Frolik, Bryan Little) at 0:23
4. Hurricanes , Alex Chiasson 6 (Leo Komarov, Brian Strait) at 2:47
5. Hurricanes , Nick Foligno 23 (Patrick Maroon, Brian Strait) at 16:52 (PP)

Penalties :
Trevor Lewis (CHI) for Holding (Minor) at 3:00, Michael Frolik (CAR) for Hooking (Minor) at 8:09, Luke Gazdic (CHI) for High sticking (Minor) at 14:56

Goalie Stats

Craig Anderson (CHI), 26 saves from 30 shots - (0.867), L, 13-12-7, 60:00 minutes
Sergei Bobrovsky (CAR), 23 saves from 24 shots - (0.958), W, 14-18-6, 60:00 minutes

Players Stats for BlackHawks

Player Name              G  A  P  +/- PIM S  H  SB GA TA FO     MP     PP MP  PK MP  
------------------------------------------------------------------------------------
Adam McQuaid             0  0  0  -1  2   0  1  0  0  0  0/0    17:41   0:00   3:59 
Alex Galchenyuk          1  0  1  -1  0   3  0  0  0  0  1/1    19:59   2:43   0:07 
Brandon Bollig           0  0  0   0  0   1  1  0  0  0  1/3     5:42   0:00   0:00 
Dion Phaneuf             0  0  0   0  4   1  0  0  0  0  0/0    23:29   2:43   4:05 
Dwight King              0  0  0   0  0   4  0  0  0  0  1/2    14:39   1:15   0:00 
Justin Abdelkader        0  1  1  -1  0   2  1  0  0  0  1/1    19:52   2:43   0:00 
Keith Aulie              0  0  0  -1  0   1  3  1  0  0  0/0    16:23   0:00   2:41 
Kevin Bieksa             0  0  0  -1  2   1  0  0  0  0  0/0    19:51   1:15   3:14 
Luke Gazdic              0  0  0   0  2   1  0  0  0  0  0/1     5:41   0:00   0:00 
Marcus Foligno           0  0  0  -1  0   4  1  0  0  0  0/1    15:29   0:00   5:56 
Marek Zidlicky           0  0  0  -1  0   1  0  1  0  0  0/0    18:40   2:43   0:34 
Mike Richards            0  0  0  -1  0   0  0  0  0  0  7/18   16:18   0:00   6:45 
Robyn Regehr             0  0  0   0  0   1  1  2  0  0  0/0    23:45   1:15   5:47 
Ryan OReilly             0  1  1  -1  0   1  0  0  0  0  9/21   20:07   2:43   0:15 
Ryan Reaves              0  0  0   0  0   0  1  0  0  0  1/2     5:42   0:00   0:00 
Tom Wilson               0  0  0  -1  0   0  2  2  0  0  1/1    12:14   0:00   2:41 
Trevor Lewis             0  0  0   0  2   2  0  0  0  0  11/19  17:52   1:15   3:14 
Zack Kassian             0  0  0   0  0   1  3  0  0  0  1/2    14:39   1:15   0:00 

Players Stats for Hurricanes

Player Name              G  A  P  +/- PIM S  H  SB GA TA FO     MP     PP MP  PK MP  
------------------------------------------------------------------------------------
Alex Chiasson            1  1  2   1  0   3  1  0  0  0  0/1    11:49   0:36   0:00 
Alexander Killorn        0  0  0   0  0   0  1  0  0  0  2/4     4:53   0:14   0:00 
Ben Lovejoy              0  0  0   1  0   1  0  1  0  0  0/0    21:00   3:29   1:54 
Brad Richardson          0  0  0   0  0   0  0  0  0  0  0/0    18:43   4:04   0:00 
Brian Boyle              0  0  0   1  0   1  1  0  0  0  2/7    13:47   0:00   2:34 
Brian Strait             0  2  2   1  0   0  1  0  0  0  0/0    18:09   6:03   1:10 
Brooks Orpik             0  0  0   0  0   2  1  1  0  0  0/0    24:33   4:13   1:45 
Bryan Little             0  1  1   1  0   3  0  0  0  0  8/13   20:51   5:34   0:00 
Cody McCormick           0  0  0   0  0   0  1  0  0  0  0/0     5:37   0:39   0:19 
Dustin Byfuglien         0  0  0   0  0   2  0  1  0  0  0/0    25:28   4:22   1:51 
James Wisniewski         0  1  1   1  2   1  0  3  0  0  0/0    17:22   0:03   1:03 
Keith Yandle             0  0  0   1  0   1  0  1  0  0  0/0    13:27   2:18   0:13 
Leo Komarov              1  1  2   1  0   3  1  0  0  0  7/13   12:18   0:00   1:05 
Michael Frolik           0  1  1   1  2   2  0  0  0  0  0/2    15:16   0:00   0:00 
Nick Foligno             2  0  2   1  0   6  5  0  0  0  1/9    21:56   5:34   1:05 
Patrick Maroon           0  1  1   0  0   4  4  1  0  0  1/1    19:48   5:09   0:00 
Scott Gomez              0  0  0   0  0   1  0  0  0  0  16/20  19:24   4:26   0:19 
Shawn Matthias           0  0  0   0  0   0  0  0  0  0  1/2    11:39   4:26   2:34 

3 Stars

1 - Nick Foligno (CAR)
2 - Leo Komarov (CAR)
3 - Alex Chiasson (CAR)

Power Play

BlackHawks - 0 on 2 Attempt(s) - 0.00%
Hurricanes - 1 on 6 Attempt(s) - 16.67%

Penalty Kill

BlackHawks - 5 on 6 Attempt(s) - 83.33% - Score 0 goal in Penalty Kill
Hurricanes - 2 on 2 Attempt(s) - 100.00% - Score 0 goal in Penalty Kill

Team Stat

BlackHawks - Hits : 14 - Faceoff Wins : 34 - Blocked Shots : 6 - Penalty Minutes : 12
Hurricanes - Hits : 16 - Faceoff Wins : 38 - Blocked Shots : 8 - Penalty Minutes : 4

Official

Referees : Darcy Burchell and Mike Leggo
Linesman : Mark Wheler and Jean Morin

Game Notes

No Game Note

Finance

Level 1 -- Attendance: 5616 (93.60%) -- Ticket Income $561,600
Level 2 -- Attendance: 5000 (100.00%) -- Ticket Income $325,000
Level 3 -- Attendance: 3008 (85.94%) -- Ticket Income $135,360
Level 4 -- Attendance: 2907 (91.42%) -- Ticket Income $78,489
Luxury Box -- Attendance: 1000 (100.00%) -- Ticket Income $200,000
Game was played at the PNC Arena.
Total Attendance: 17531 (93.85%)
Total Ticket Income: $1,300,449
Other Income: $195,067
Total Income: $1,495,516

% Time on Ice - BlackHawks

Lines # - Real PCT - Wanted PCT - Time Play
Normal Forward
1 - 37% - 38% - 17:09
2 - 29% - 32% - 13:24
3 - 21% - 20% - 9:33
4 - 12% - 10% - 5:42
Normal Defense
1 - 36% - 37% - 16:43
2 - 34% - 34% - 15:23
3 - 30% - 29% - 13:42
4 - 0% - 0% - 0:00
PP Forward
1 - 68% - 60% - 2:43
2 - 32% - 40% - 1:15
PP Defense
1 - 68% - 60% - 2:43
2 - 32% - 40% - 1:15
PK Forward
1 - 69% - 55% - 5:56
2 - 31% - 45% - 2:41
PK Defense
1 - 52% - 55% - 4:28
2 - 48% - 45% - 4:09
PK3 Forward
1 - 49% - 50% - 0:48
2 - 51% - 50% - 0:49
PK3 Defense
1 - 62% - 55% - 1:00
2 - 38% - 45% - 0:37
44 Forward
1 - 0% - 55%
2 - 0% - 45%
44 Defense
1 - 0% - 55%
2 - 0% - 45%
Last Minute Offensive  - 0:00
Last Minute Defensive  - 0:00
Total
Forward - 60:00
Defense - 60:00

% Time on Ice - Hurricanes

Lines # - Real PCT - Wanted PCT - Time Play
Normal Forward
1 - 33% - 35% - 15:17
2 - 32% - 32% - 14:39
3 - 24% - 23% - 11:13
4 - 10% - 10% - 4:39
Normal Defense
1 - 35% - 35% - 15:55
2 - 36% - 32% - 16:17
3 - 24% - 23% - 10:56
4 - 6% - 10% - 2:40
PP Forward
1 - 57% - 60% - 5:48
2 - 43% - 40% - 4:26
PP Defense
1 - 54% - 60% - 5:30
2 - 46% - 40% - 4:44
PK Forward
1 - 73% - 60% - 2:53
2 - 27% - 40% - 1:05
PK Defense
1 - 44% - 60% - 1:45
2 - 56% - 40% - 2:13
PK3 Forward
1 - 0% - 60%
2 - 0% - 40%
PK3 Defense
1 - 0% - 60%
2 - 0% - 40%
44 Forward
1 - 0% - 60%
2 - 0% - 40%
44 Defense
1 - 0% - 60%
2 - 0% - 40%
Last Minute Offensive  - 0:00
Last Minute Defensive  - 0:00
Total
Forward - 60:00
Defense - 60:00

Play by Play

1st period


0:01 of 1st period - Bryan Little wins face-off versus Ryan OReilly in neutral zone.
0:05 of 1st period - Minor Penalty to Dion Phaneuf for Hooking.
0:06 of 1st period - Nick Foligno wins face-off versus Mike Richards in BlackHawks zone.
1:25 of 1st period - Shot by Trevor Lewis.
1:25 of 1st period - Stopped by Sergei Bobrovsky without a rebound.
1:26 of 1st period - Trevor Lewis wins face-off versus Scott Gomez in Hurricanes zone.
2:02 of 1st period - Icing by Dustin Byfuglien.
2:03 of 1st period - Scott Gomez wins face-off versus Mike Richards in Hurricanes zone.
3:12 of 1st period - Icing by Kevin Bieksa.
3:13 of 1st period - Scott Gomez wins face-off versus Ryan OReilly in BlackHawks zone.
5:02 of 1st period - Shot by Alexander Killorn.
5:02 of 1st period - Shot Misses the Net.
5:33 of 1st period - Icing by Keith Yandle.
5:34 of 1st period - Alexander Killorn wins face-off versus Luke Gazdic in Hurricanes zone.
5:34 of 1st period - Shawn Matthias is hit by Ryan Reaves and loses puck.
5:41 of 1st period - Shot by Keith Aulie.
5:41 of 1st period - Stopped by Sergei Bobrovsky without a rebound.
5:42 of 1st period - Scott Gomez wins face-off versus Mike Richards in Hurricanes zone.
5:49 of 1st period - Shot by Brad Richardson.
5:49 of 1st period - Shot Misses the Net.
5:51 of 1st period - Shot by James Wisniewski.
5:51 of 1st period - Stopped by Craig Anderson without a rebound.
5:52 of 1st period - Ryan OReilly wins face-off versus Leo Komarov in BlackHawks zone.
6:03 of 1st period - Shot by Alex Chiasson.
6:03 of 1st period - Stopped by Craig Anderson without a rebound.
6:04 of 1st period - Scott Gomez wins face-off versus Mike Richards in BlackHawks zone.
6:07 of 1st period - Shot by Patrick Maroon.
6:07 of 1st period - Stopped by Craig Anderson with a rebound.
6:09 of 1st period - Shot by Patrick Maroon.
6:09 of 1st period - Shot Misses the Net.
6:27 of 1st period - Shot by Marcus Foligno.
6:27 of 1st period - Stopped by Sergei Bobrovsky without a rebound.
6:28 of 1st period - Bryan Little wins face-off versus Ryan OReilly in Hurricanes zone.
6:43 of 1st period - Shot by Bryan Little.
6:43 of 1st period - Stopped by Craig Anderson without a rebound.
6:44 of 1st period - Scott Gomez wins face-off versus Brandon Bollig in BlackHawks zone.
6:56 of 1st period - Shot by Patrick Maroon.
6:56 of 1st period - Stopped by Craig Anderson with a rebound.
7:23 of 1st period - Shot by Luke Gazdic.
7:23 of 1st period - Shot Misses the Net.
7:41 of 1st period - Shot by Nick Foligno.
7:41 of 1st period - Deflect By Bryan Little.
7:41 of 1st period - Stopped by Craig Anderson without a rebound.
7:42 of 1st period - Ryan OReilly wins face-off versus Brian Boyle in BlackHawks zone.
7:42 of 1st period - Alex Galchenyuk is hit by Alex Chiasson and loses puck.
7:53 of 1st period - Shot by Leo Komarov.
7:53 of 1st period - Goal by Leo Komarov - BlackHawks : 0 - Hurricanes : 1.
7:54 of 1st period - Trevor Lewis wins face-off versus Bryan Little in neutral zone.
9:06 of 1st period - Shot by Alex Galchenyuk.
9:06 of 1st period - Goal by Alex Galchenyuk - BlackHawks : 1 - Hurricanes : 1.
9:07 of 1st period - Scott Gomez wins face-off versus Mike Richards in neutral zone.
9:23 of 1st period - Icing by Marek Zidlicky.
9:24 of 1st period - Leo Komarov wins face-off versus Mike Richards in BlackHawks zone.
9:53 of 1st period - Shot by Marcus Foligno.
9:53 of 1st period - Stopped by Sergei Bobrovsky with a rebound.
10:31 of 1st period - Shot by Ryan OReilly.
10:31 of 1st period - Shot Blocked by Brooks Orpik.
10:33 of 1st period - Shot by Ryan OReilly.
10:33 of 1st period - Deflect By Justin Abdelkader.
10:33 of 1st period - Stopped by Sergei Bobrovsky without a rebound.
10:34 of 1st period - Trevor Lewis wins face-off versus Michael Frolik in Hurricanes zone.
10:48 of 1st period - Shot by Dwight King.
10:48 of 1st period - Stopped by Sergei Bobrovsky without a rebound.
10:49 of 1st period - Ryan OReilly wins face-off versus Scott Gomez in Hurricanes zone.
10:49 of 1st period - Ryan OReilly is hit by Brian Strait.
11:05 of 1st period - Shot by Justin Abdelkader.
11:05 of 1st period - Shot Misses the Net.
11:07 of 1st period - Shot by Ryan OReilly.
11:07 of 1st period - Stopped by Sergei Bobrovsky without a rebound.
11:08 of 1st period - Bryan Little wins face-off versus Trevor Lewis in Hurricanes zone.
11:19 of 1st period - Bryan Little is hit by Zack Kassian and loses puck.
11:40 of 1st period - Shot by Michael Frolik.
11:40 of 1st period - Shot Misses the Net.
11:50 of 1st period - Shot by Trevor Lewis.
11:50 of 1st period - Shot Misses the Net.
12:21 of 1st period - Shot by Alex Galchenyuk.
12:21 of 1st period - Stopped by Sergei Bobrovsky without a rebound.
12:22 of 1st period - Scott Gomez wins face-off versus Mike Richards in Hurricanes zone.
12:22 of 1st period - Scott Gomez is hit by Tom Wilson.
12:34 of 1st period - Shot by Scott Gomez.
12:34 of 1st period - Shot Blocked by Marek Zidlicky.
12:36 of 1st period - Shot by Patrick Maroon.
12:36 of 1st period - Shot Misses the Net.
13:11 of 1st period - Off-side.
13:12 of 1st period - Justin Abdelkader wins face-off versus Alexander Killorn in neutral zone.
13:33 of 1st period - Shot by Justin Abdelkader.
13:33 of 1st period - Stopped by Sergei Bobrovsky without a rebound.
13:34 of 1st period - Leo Komarov wins face-off versus Trevor Lewis in Hurricanes zone.
13:34 of 1st period - Leo Komarov is hit by Zack Kassian.
13:53 of 1st period - Shot by Trevor Lewis.
13:53 of 1st period - Deflect By Dwight King.
13:53 of 1st period - Shot Blocked by James Wisniewski.
13:55 of 1st period - Shot by Dion Phaneuf.
13:55 of 1st period - Stopped by Sergei Bobrovsky with a rebound.
13:57 of 1st period - Shot by Zack Kassian.
13:57 of 1st period - Stopped by Sergei Bobrovsky without a rebound.
13:58 of 1st period - Alex Galchenyuk wins face-off versus Bryan Little in Hurricanes zone.
14:38 of 1st period - Shot by Michael Frolik.
14:38 of 1st period - Stopped by Craig Anderson with a rebound.
14:48 of 1st period - Icing by Bryan Little.
14:49 of 1st period - Trevor Lewis wins face-off versus Bryan Little in Hurricanes zone.
15:17 of 1st period - Dion Phaneuf is hit by Patrick Maroon.
16:00 of 1st period - Minor Penalty to James Wisniewski for Hooking.
16:01 of 1st period - Ryan OReilly wins face-off versus Brian Boyle in Hurricanes zone.
16:34 of 1st period - Shot by Dion Phaneuf.
16:34 of 1st period - Shot Misses the Net.
17:01 of 1st period - Shot by Dwight King.
17:01 of 1st period - Deflect By Trevor Lewis.
17:01 of 1st period - Shot Misses the Net.
17:03 of 1st period - Shot by Robyn Regehr.
17:03 of 1st period - Shot Misses the Net.
17:18 of 1st period - Icing by Robyn Regehr.
17:19 of 1st period - Leo Komarov wins face-off versus Trevor Lewis in BlackHawks zone.
18:22 of 1st period - Bryan Little is hit by Keith Aulie and loses puck.
18:26 of 1st period - Bryan Little is hit by Keith Aulie and loses puck.
18:31 of 1st period - Shot by Nick Foligno.
18:31 of 1st period - Shot Hit the Post.
19:03 of 1st period - Shot by Patrick Maroon.
19:03 of 1st period - Stopped by Craig Anderson with a rebound.
19:09 of 1st period - Shot by Patrick Maroon.
19:09 of 1st period - Stopped by Craig Anderson with a rebound.
19:11 of 1st period - Shot by Keith Yandle.
19:11 of 1st period - Stopped by Craig Anderson without a rebound.
19:12 of 1st period - Leo Komarov wins face-off versus Ryan OReilly in BlackHawks zone.
19:12 of 1st period - Leo Komarov is hit by Robyn Regehr.
19:53 of 1st period - Icing by Ben Lovejoy.
19:54 of 1st period - Trevor Lewis wins face-off versus Leo Komarov in Hurricanes zone.
19:57 of 1st period - Shot by Dwight King.
19:57 of 1st period - Shot Blocked by Ben Lovejoy.
Goals for this period are 1 for BlackHawks vs 1 for Hurricanes.
Shots for this period are 12 for BlackHawks vs 11 for Hurricanes.

2nd period


0:01 of 2nd period - Scott Gomez wins face-off versus Ryan OReilly in neutral zone.
0:03 of 2nd period - Off-side.
0:04 of 2nd period - Scott Gomez wins face-off versus Ryan OReilly in neutral zone.
0:25 of 2nd period - Icing by Brad Richardson.
0:26 of 2nd period - Scott Gomez wins face-off versus Dwight King in Hurricanes zone.
0:43 of 2nd period - Shot by Trevor Lewis.
0:43 of 2nd period - Deflect By Dwight King.
0:43 of 2nd period - Stopped by Sergei Bobrovsky with a rebound.
0:53 of 2nd period - Shot by Trevor Lewis.
0:53 of 2nd period - Shot Misses the Net.
1:03 of 2nd period - Shot by Dwight King.
1:03 of 2nd period - Stopped by Sergei Bobrovsky with a rebound.
1:41 of 2nd period - Shot by Justin Abdelkader.
1:41 of 2nd period - Shot Blocked by Dustin Byfuglien.
2:38 of 2nd period - Adam McQuaid is hit by Patrick Maroon and loses puck.
2:59 of 2nd period - Shot by Michael Frolik.
2:59 of 2nd period - Shot Blocked by Keith Aulie.
3:24 of 2nd period - Off-side.
3:25 of 2nd period - Trevor Lewis wins face-off versus Leo Komarov in neutral zone.
3:35 of 2nd period - Icing by James Wisniewski.
3:36 of 2nd period - Ryan OReilly wins face-off versus Alex Chiasson in Hurricanes zone.
5:07 of 2nd period - Minor Penalty to Kevin Bieksa for Slashing.
5:08 of 2nd period - Mike Richards wins face-off versus Nick Foligno in BlackHawks zone.
6:08 of 2nd period - Shot by Alex Chiasson.
6:08 of 2nd period - Stopped by Craig Anderson without a rebound.
6:09 of 2nd period - Trevor Lewis wins face-off versus Nick Foligno in BlackHawks zone.
6:26 of 2nd period - Shot by Nick Foligno.
6:26 of 2nd period - Shot Blocked by Tom Wilson.
6:43 of 2nd period - Icing by Bryan Little.
6:44 of 2nd period - Mike Richards wins face-off versus Nick Foligno in Hurricanes zone.
9:26 of 2nd period - Shot by Adam McQuaid.
9:26 of 2nd period - Shot Misses the Net.
9:45 of 2nd period - Icing by Leo Komarov.
9:46 of 2nd period - Brandon Bollig wins face-off versus Leo Komarov in Hurricanes zone.
11:21 of 2nd period - Minor Penalty to Dion Phaneuf for Roughing.
11:22 of 2nd period - Mike Richards wins face-off versus Scott Gomez in BlackHawks zone.
11:43 of 2nd period - Minor Penalty to Adam McQuaid for Hooking.
11:44 of 2nd period - Trevor Lewis wins face-off versus Nick Foligno in BlackHawks zone.
11:44 of 2nd period - Trevor Lewis is hit by Patrick Maroon.
13:05 of 2nd period - Icing by Patrick Maroon.
13:06 of 2nd period - Mike Richards wins face-off versus Nick Foligno in Hurricanes zone.
13:56 of 2nd period - Icing by Adam McQuaid.
13:57 of 2nd period - Alexander Killorn wins face-off versus Brandon Bollig in BlackHawks zone.
14:23 of 2nd period - Brandon Bollig is hit by Alexander Killorn and loses puck.
14:48 of 2nd period - Alex Galchenyuk is hit by Cody McCormick and loses puck.
14:52 of 2nd period - Icing by Dion Phaneuf.
14:53 of 2nd period - Scott Gomez wins face-off versus Ryan OReilly in BlackHawks zone.
15:14 of 2nd period - Shot by Brian Strait.
15:14 of 2nd period - Shot Misses the Net.
15:48 of 2nd period - Shot by Michael Frolik.
15:48 of 2nd period - Shot Misses the Net.
15:50 of 2nd period - Shot by Brooks Orpik.
15:50 of 2nd period - Stopped by Craig Anderson with a rebound.
16:10 of 2nd period - Shot by Michael Frolik.
16:10 of 2nd period - Shot Misses the Net.
16:12 of 2nd period - Shot by Brooks Orpik.
16:12 of 2nd period - Stopped by Craig Anderson without a rebound.
16:13 of 2nd period - Tom Wilson wins face-off versus Leo Komarov in BlackHawks zone.
16:13 of 2nd period - Tom Wilson is hit by Brian Boyle.
16:36 of 2nd period - Brian Boyle is hit by Tom Wilson and loses puck.
18:03 of 2nd period - Alex Galchenyuk is hit by Nick Foligno and loses puck.
18:12 of 2nd period - Shot by Bryan Little.
18:12 of 2nd period - Shot Blocked by Robyn Regehr.
18:14 of 2nd period - Shot by Keith Yandle.
18:14 of 2nd period - Shot Misses the Net.
18:18 of 2nd period - Shot by Nick Foligno.
18:18 of 2nd period - Stopped by Craig Anderson with a rebound.
18:20 of 2nd period - Shot by Nick Foligno.
18:20 of 2nd period - Stopped by Craig Anderson without a rebound.
18:21 of 2nd period - Scott Gomez wins face-off versus Trevor Lewis in BlackHawks zone.
19:19 of 2nd period - Shot by Luke Gazdic.
19:19 of 2nd period - Shot Misses the Net.
19:21 of 2nd period - Shot by Brandon Bollig.
19:21 of 2nd period - Stopped by Sergei Bobrovsky without a rebound.
19:22 of 2nd period - Bryan Little wins face-off versus Mike Richards in Hurricanes zone.
19:22 of 2nd period - Bryan Little is hit by Marcus Foligno.
19:41 of 2nd period - Shot by Marcus Foligno.
19:41 of 2nd period - Shot Misses the Net.
Goals for this period are 0 for BlackHawks vs 0 for Hurricanes.
Shots for this period are 3 for BlackHawks vs 5 for Hurricanes.

3rd period


0:01 of 3rd period - Bryan Little wins face-off versus Ryan OReilly in neutral zone.
0:04 of 3rd period - Marek Zidlicky is hit by Nick Foligno and loses puck.
0:14 of 3rd period - Alex Galchenyuk is hit by Nick Foligno and loses puck.
0:23 of 3rd period - Shot by Nick Foligno.
0:23 of 3rd period - Goal by Nick Foligno - BlackHawks : 1 - Hurricanes : 2.
0:24 of 3rd period - Scott Gomez wins face-off versus Trevor Lewis in neutral zone.
0:47 of 3rd period - Shot by Dwight King.
0:47 of 3rd period - Shot Misses the Net.
0:49 of 3rd period - Shot by Trevor Lewis.
0:49 of 3rd period - Shot Blocked by James Wisniewski.
0:51 of 3rd period - Shot by Zack Kassian.
0:51 of 3rd period - Deflect By Trevor Lewis.
0:51 of 3rd period - Shot Misses the Net.
1:30 of 3rd period - Justin Abdelkader is hit by Nick Foligno and loses puck.
1:46 of 3rd period - Justin Abdelkader is hit by Brooks Orpik.
2:06 of 3rd period - Shot by Bryan Little.
2:06 of 3rd period - Shot Misses the Net.
2:23 of 3rd period - Keith Yandle is hit by Keith Aulie.
2:37 of 3rd period - Shot by Leo Komarov.
2:37 of 3rd period - Stopped by Craig Anderson with a rebound.
2:41 of 3rd period - Shot by Brian Strait.
2:41 of 3rd period - Shot Misses the Net.
2:43 of 3rd period - Shot by Brian Strait.
2:43 of 3rd period - Shot Misses the Net.
2:45 of 3rd period - Shot by Leo Komarov.
2:45 of 3rd period - Shot Misses the Net.
2:47 of 3rd period - Shot by Alex Chiasson.
2:47 of 3rd period - Goal by Alex Chiasson - BlackHawks : 1 - Hurricanes : 3.
2:48 of 3rd period - Dwight King wins face-off versus Alexander Killorn in neutral zone.
3:00 of 3rd period - Minor Penalty to Trevor Lewis for Holding.
3:01 of 3rd period - Scott Gomez wins face-off versus Mike Richards in BlackHawks zone.
3:04 of 3rd period - Shot by Shawn Matthias.
3:04 of 3rd period - Shot Blocked by Robyn Regehr.
3:17 of 3rd period - Shot by Scott Gomez.
3:17 of 3rd period - Stopped by Craig Anderson without a rebound.
3:18 of 3rd period - Bryan Little wins face-off versus Ryan OReilly in BlackHawks zone.
3:26 of 3rd period - Icing by Dustin Byfuglien.
3:27 of 3rd period - Mike Richards wins face-off versus Nick Foligno in Hurricanes zone.
3:33 of 3rd period - Icing by Dustin Byfuglien.
3:34 of 3rd period - Bryan Little wins face-off versus Marcus Foligno in Hurricanes zone.
3:50 of 3rd period - Shot by Nick Foligno.
3:50 of 3rd period - Stopped by Craig Anderson without a rebound.
3:51 of 3rd period - Shawn Matthias wins face-off versus Mike Richards in BlackHawks zone.
4:25 of 3rd period - Shot by Shawn Matthias.
4:25 of 3rd period - Shot Misses the Net.
4:59 of 3rd period - Shot by Ben Lovejoy.
4:59 of 3rd period - Stopped by Craig Anderson without a rebound.
5:00 of 3rd period - Ryan OReilly wins face-off versus Leo Komarov in BlackHawks zone.
5:06 of 3rd period - Marek Zidlicky is hit by Leo Komarov and loses puck.
5:28 of 3rd period - Shot by Leo Komarov.
5:28 of 3rd period - Stopped by Craig Anderson with a rebound.
5:37 of 3rd period - Shot by Alex Galchenyuk.
5:37 of 3rd period - Shot Blocked by James Wisniewski.
6:07 of 3rd period - Shot by Michael Frolik.
6:07 of 3rd period - Stopped by Craig Anderson without a rebound.
6:08 of 3rd period - Trevor Lewis wins face-off versus Scott Gomez in BlackHawks zone.
6:17 of 3rd period - Shot by Dwight King.
6:17 of 3rd period - Shot Blocked by Patrick Maroon.
7:19 of 3rd period - Shot by Luke Gazdic.
7:19 of 3rd period - Stopped by Sergei Bobrovsky without a rebound.
7:20 of 3rd period - Leo Komarov wins face-off versus Mike Richards in Hurricanes zone.
7:33 of 3rd period - Shot by Leo Komarov.
7:33 of 3rd period - Deflect By Brian Boyle.
7:33 of 3rd period - Stopped by Craig Anderson without a rebound.
7:34 of 3rd period - Ryan OReilly wins face-off versus Michael Frolik in BlackHawks zone.
7:46 of 3rd period - Icing by Brooks Orpik.
7:47 of 3rd period - Bryan Little wins face-off versus Zack Kassian in Hurricanes zone.
7:54 of 3rd period - Shot by Nick Foligno.
7:54 of 3rd period - Shot Misses the Net.
8:09 of 3rd period - Minor Penalty to Michael Frolik for Hooking.
8:10 of 3rd period - Brian Boyle wins face-off versus Ryan OReilly in Hurricanes zone.
8:23 of 3rd period - Brian Boyle is hit by Justin Abdelkader and loses puck.
8:52 of 3rd period - Shot by Marek Zidlicky.
8:52 of 3rd period - Stopped by Sergei Bobrovsky without a rebound.
8:53 of 3rd period - Trevor Lewis wins face-off versus Brian Boyle in Hurricanes zone.
8:54 of 3rd period - Shot by Robyn Regehr.
8:54 of 3rd period - Stopped by Sergei Bobrovsky without a rebound.
8:55 of 3rd period - Brian Boyle wins face-off versus Trevor Lewis in Hurricanes zone.
8:55 of 3rd period - Brian Boyle is hit by Zack Kassian.
9:03 of 3rd period - Shot by Trevor Lewis.
9:03 of 3rd period - Stopped by Sergei Bobrovsky without a rebound.
9:04 of 3rd period - Zack Kassian wins face-off versus Brian Boyle in Hurricanes zone.
9:13 of 3rd period - Shot by Robyn Regehr.
9:13 of 3rd period - Shot Misses the Net.
9:15 of 3rd period - Shot by Kevin Bieksa.
9:15 of 3rd period - Stopped by Sergei Bobrovsky without a rebound.
9:16 of 3rd period - Ryan OReilly wins face-off versus Brian Boyle in Hurricanes zone.
10:46 of 3rd period - Shot by Mike Richards.
10:46 of 3rd period - Shot Blocked by Keith Yandle.
10:48 of 3rd period - Shot by Marcus Foligno.
10:48 of 3rd period - Stopped by Sergei Bobrovsky with a rebound.
11:27 of 3rd period - Off-side.
11:28 of 3rd period - Ryan Reaves wins face-off versus Bryan Little in neutral zone.
11:55 of 3rd period - Shot by Nick Foligno.
11:55 of 3rd period - Stopped by Craig Anderson without a rebound.
11:56 of 3rd period - Leo Komarov wins face-off versus Ryan OReilly in BlackHawks zone.
13:20 of 3rd period - Shot by Nick Foligno.
13:20 of 3rd period - Shot Misses the Net.
14:32 of 3rd period - Shot by Tom Wilson.
14:32 of 3rd period - Deflect By Marcus Foligno.
14:32 of 3rd period - Stopped by Sergei Bobrovsky without a rebound.
14:33 of 3rd period - Scott Gomez wins face-off versus Ryan Reaves in Hurricanes zone.
14:55 of 3rd period - Scott Gomez is hit by Brandon Bollig.
14:56 of 3rd period - Minor Penalty to Luke Gazdic for High sticking.
14:57 of 3rd period - Mike Richards wins face-off versus Shawn Matthias in BlackHawks zone.
15:13 of 3rd period - Scott Gomez is hit by Adam McQuaid and loses puck.
15:50 of 3rd period - Shot by Dustin Byfuglien.
15:50 of 3rd period - Stopped by Craig Anderson without a rebound.
15:51 of 3rd period - Trevor Lewis wins face-off versus Nick Foligno in BlackHawks zone.
16:00 of 3rd period - Shot by Keith Yandle.
16:00 of 3rd period - Deflect By Bryan Little.
16:00 of 3rd period - Shot Blocked by Tom Wilson.
16:06 of 3rd period - Shot by Bryan Little.
16:06 of 3rd period - Stopped by Craig Anderson without a rebound.
16:07 of 3rd period - Scott Gomez wins face-off versus Trevor Lewis in BlackHawks zone.
16:25 of 3rd period - Shot by Scott Gomez.
16:25 of 3rd period - Shot Misses the Net.
16:27 of 3rd period - Shot by Dustin Byfuglien.
16:27 of 3rd period - Stopped by Craig Anderson without a rebound.
16:28 of 3rd period - Mike Richards wins face-off versus Nick Foligno in BlackHawks zone.
16:37 of 3rd period - Robyn Regehr is hit by Patrick Maroon and loses puck.
16:52 of 3rd period - Shot by Nick Foligno.
16:52 of 3rd period - Goal by Nick Foligno - BlackHawks : 1 - Hurricanes : 4.
16:53 of 3rd period - Leo Komarov wins face-off versus Ryan OReilly in neutral zone.
17:22 of 3rd period - Shot by Alex Galchenyuk.
17:22 of 3rd period - Stopped by Sergei Bobrovsky without a rebound.
17:23 of 3rd period - Patrick Maroon wins face-off versus Trevor Lewis in Hurricanes zone.
17:53 of 3rd period - Shot by Dwight King.
17:53 of 3rd period - Stopped by Sergei Bobrovsky without a rebound.
17:54 of 3rd period - Ryan OReilly wins face-off versus Bryan Little in Hurricanes zone.
18:09 of 3rd period - Shot by Nick Foligno.
18:09 of 3rd period - Shot Misses the Net.
18:23 of 3rd period - Dion Phaneuf is hit by Nick Foligno and loses puck.
18:30 of 3rd period - Shot by Nick Foligno.
18:30 of 3rd period - Shot Misses the Net.
18:32 of 3rd period - Shot by Michael Frolik.
18:32 of 3rd period - Shot Misses the Net.
18:34 of 3rd period - Shot by Keith Yandle.
18:34 of 3rd period - Shot Misses the Net.
18:36 of 3rd period - Shot by Nick Foligno.
18:36 of 3rd period - Shot Misses the Net.
Goals for this period are 0 for BlackHawks vs 3 for Hurricanes.
Shots for this period are 9 for BlackHawks vs 14 for Hurricanes.